Map: [ESL] Hard Lead

Players

HeroMarine

  • Race: Terran Terran
  • Spawn Location: 5:00

Serral - Winner!

  • Race: Zerg Zerg
  • Spawn Location: 11:00

Event: ESL SC2 Masters 2023 Winter (Regional)

VOD

Have the link to the VOD?

Description

Time

  • Played on: Nov. 1, 2023, 12:37 p.m.
  • Length: 15:54

All games in this series

Show
View Real Time Build Order
Export as new Build Order

HeroMarine Terran 

Build Orders: Reaper Expand, Hellion Banshee 

Get SALT Encoding   

  12  0:00  SCV  
  13  0:12  SCV  
  14  0:16  Supply Depot  
  14  0:24  SCV  
  15  0:38  Barracks, SCV  
  16  0:43  Refinery  
  16  0:50  SCV  
  17  1:02  SCV  
  18  1:14  SCV  
  19  1:27  Orbital Command, Reaper  
  20  1:38  Command Center  
  20  1:49  Supply Depot  
  20  1:52  SCV  
  21  1:59  Marine  
  22  2:04  SCV  
  23  2:12  Factory  
  23  2:16  SCV  
  23  2:20  Barracks Reactor  
  24  2:29  SCV  
  25  2:38  Command Center  
  25  2:41  SCV  
  26  2:51  Orbital Command  
  26  2:53  SCV  
  26  2:54  Refinery  
  27  3:01  Starport  
  27  3:05  SCV  
  28  3:07  Hellion  
  28  3:11  Hellion  
  32  3:17  SCV  
  32  3:19  Barracks Tech Lab, SCV  
  34  3:29  SCV  
  34  3:31  Hellion, SCV  
  34  3:33  Hellion  
  40  3:41  SCV  
  40  3:42  Marine  
  40  3:43  SCV  
  40  3:44  Banshee  
  46  3:50  Cloaking Field  
  46  3:51  Orbital Command  
  46  3:53  SCV  
  46  3:55  SCV  
  48  4:01  Hellion x2  
  52  4:03  Barracks Tech Lab  
  52  4:05  SCV  
  52  4:07  SCV  
  54  4:11  Supply Depot  
  54  4:17  SCV x2  
  54  4:19  SCV  
  54  4:22  Marine  
  58  4:25  Hellion  
  61  4:33  Banshee, Hellion, Supply Depot, SCV x2  
  61  4:34  Orbital Command, Stimpack  
  67  4:40  Marine  
  67  4:41  Supply Depot  
  67  4:45  SCV  
  69  4:51  Refinery  
  69  4:53  Refinery  
  69  4:55  SCV  
  69  4:56  Barracks  
  69  4:57  Barracks, SCV  
  71  5:00  Factory Reactor, Engineering Bay  
  71  5:03  SCV  
  71  5:05  Engineering Bay  
  71  5:06  Marine  
  73  5:07  SCV  
  73  5:09  SCV  
  75  5:15  SCV  
  75  5:17  Supply Depot  
  75  5:19  SCV  
  77  5:21  SCV  
  77  5:24  Starport Reactor, Marine  
  77  5:25  Barracks  
  77  5:27  Barracks, SCV  
  80  5:30  Terran Infantry Weapons Level 1  
  80  5:31  SCV  
  80  5:33  Terran Infantry Armor Level 1, SCV  
  82  5:39  SCV  
  82  5:42  Marine  
  84  5:43  SCV  
  84  5:45  SCV  
  86  5:53  Marine x2  
  86  5:54  Siege Tank  
  86  5:55  SCV  
  93  5:58  SCV, Supply Depot x2  
  93  6:00  Supply Depot x2  
  93  6:10  Medivac x2, Marine x2, SCV x2  
  101  6:13  Barracks Reactor x2  
  101  6:17  Combat Shield  
  101  6:19  SCV, Marine x3  
  101  6:22  SCV x2  
  101  6:23  Supply Depot  
  107  6:28  Marine x2  
  107  6:29  Siege Tank, Supply Depot  
  107  6:31  SCV  
  113  6:35  SCV x2  
  113  6:37  Marine x3  
  118  6:42  Medivac x2  
  118  6:43  SCV  
  118  6:46  Marine x2  
  118  6:47  SCV x2  
  127  6:54  Refinery  
  127  6:55  Marine x3  
  127  6:56  Factory, Supply Depot  
  127  6:57  Marine x2  
  134  7:03  Marine  
  134  7:04  Marine x2  
  134  7:06  Marine  
  134  7:07  Command Center  
  136  7:09  Siege Tank  
  136  7:12  SCV x2  
  141  7:18  Marine  
  141  7:19  Marine x4  
  141  7:21  Marine  
  141  7:22  Marine x2  
  145  7:30  Medivac, Marine  
  145  7:31  Medivac  
  145  7:34  Armory, Supply Depot, SCV  
  145  7:35  SCV x2  
  145  7:36  Marine  
  154  7:38  Marine x2  
  154  7:39  Marine  
  155  7:47  Marine  
  155  7:49  Marine x2  
  142  7:52  Factory Reactor  
  142  7:53  Siege Tank  
  142  7:54  Marine x3  
  142  7:58  Marine  
  145  8:00  Barracks  
  145  8:02  Barracks  
  145  8:03  Barracks, Marine  
  146  8:06  Supply Depot  
  146  8:08  Marine  
  147  8:16  SCV x3  
  150  8:23  Sensor Tower  
  150  8:24  Marauder, Marine x2  
  150  8:25  Terran Infantry Weapons Level 2, Terran Infantry Armor Level 2, Terran Vehicle And Ship Armor Level 1  
  150  8:27  Marine x2  
  154  8:31  Marine x2  
  158  8:36  Widow Mine x3  
  158  8:45  Marauder  
  161  8:48  SCV x3  
  161  8:51  Barracks Tech Lab x2  
  161  8:52  Barracks Tech Lab, Marine x2  
  161  8:55  Marine x2  
  166  9:01  Missile Turret  
  167  9:03  Marine x2  
  167  9:05  Marine x2  
  167  9:06  Marauder  
  173  9:15  Marauder x2  
  173  9:16  Marauder, Marine x2  
  170  9:28  Marauder  
  170  9:36  Marauder  
  170  9:37  Marauder, Marine x2, Missile Turret  
  170  9:38  Planetary Fortress, Marauder  
  178  9:39  Supply Depot  
  178  9:40  Concussive Shells  
  178  9:41  Marine x2, Supply Depot  
  180  9:45  Marine  
  180  9:46  Marine  
  180  9:49  Marauder  
  176  9:54  Marine x2  
  176  9:55  Marine  
  176  9:57  Marauder  
  176  9:58  Marauder, Marine  
  176  9:59  Marauder, Marine  
  182  10:01  Marine  
  182  10:03  Marine  
  182  10:06  Marine  
  182  10:10  Ghost Academy  
  182  10:11  Marauder  
  182  10:12  Marine x2  
  186  10:14  Command Center  
  186  10:15  Command Center  
  186  10:16  Marine x2  
  186  10:18  Command Center  
  186  10:19  Missile Turret x2, Marauder  
  186  10:20  Marauder  
  186  10:21  Marauder  
  194  10:26  Terran Vehicle Weapons Level 1  
  194  10:30  Sensor Tower  
  194  10:32  Marauder, Marine x2  
  198  10:38  Command Center  
  198  10:40  Marauder  
  200  10:50  Terran Infantry Armor Level 3, Terran Infantry Weapons Level 3  
  200  10:53  Refinery  
  194  11:24  Widow Mine x3  
  197  11:26  Ghost  
  197  11:29  Orbital Command  
  199  11:34  Command Center  
  199  11:40  Command Center x2  
  196  11:51  Ghost  
  155  11:55  Widow Mine x2  
  155  11:56  Marauder x2  
  155  11:59  Marauder  
  155  12:00  Widow Mine  
  147  12:02  Medivac x2  
  147  12:06  Planetary Fortress  
  151  12:14  Marine x2  
  153  12:16  Widow Mine x2  
  153  12:18  Marauder x2  
  153  12:21  Orbital Command  
  153  12:22  Orbital Command, Widow Mine  
  163  12:25  Marine x3, Marauder x2  
  170  12:32  Medivac x2  
  170  12:34  Missile Turret x2  
  170  12:36  Missile Turret  
  174  12:37  Terran Vehicle Weapons Level 2  
  174  12:39  Marauder x2, Widow Mine x2, SCV  
  174  12:40  SCV x3  
  174  12:42  SCV, Refinery  
  174  12:43  Siege Tank, Refinery  
  187  12:55  Marauder x2  
  188  13:02  Medivac x2  
  188  13:04  Marauder  
  189  13:06  Marauder  
  148  13:14  Widow Mine x2  
  148  13:15  Widow Mine  
  148  13:16  Marine x2  
  148  13:17  Marauder x2  
  148  13:18  Marine x2  
  148  13:19  Marine x2  
  140  13:23  Marine x2  
  140  13:25  Marauder  
  140  13:26  Orbital Command  
  128  13:28  Marauder  
  128  13:32  Medivac  
  127  13:38  Orbital Command, Marauder x2  
  121  13:43  Marine x3  
  121  13:46  Marine  
  121  13:47  Marauder  
  126  13:48  Marine  
  126  13:49  Marauder  
  126  13:51  Marine x2  
  126  13:54  SCV x3  
  126  13:55  SCV  
  133  13:59  Marauder  
  133  14:00  Widow Mine, Marauder  
  133  14:02  Liberator x2  
  140  14:04  SCV  
  140  14:07  Marine x2  
  140  14:08  Marauder  
  148  14:11  Marauder  
  150  14:21  Marauder x2  
  150  14:22  Marine  
  150  14:23  Marine x2  
  150  14:24  Marine, Widow Mine  
  159  14:25  Marine  
  159  14:26  Marine  
  159  14:29  Marauder  
  164  14:32  Marauder  
  164  14:38  Marine x2  
  134  14:41  Marine x3  
  134  14:42  Marine x2, Marauder x2  
  134  14:43  Marine  
  134  14:45  Medivac x2, Widow Mine  
  124  14:51  Marauder  
  114  14:53  Marauder  
  114  14:55  Orbital Command  
  114  14:58  Marine, SCV x2  
  114  14:59  Marine x4  
  105  15:00  SCV x4  
  105  15:01  SCV  
  105  15:04  Marauder x2  
  108  15:07  Marine x2, Starport  
  108  15:10  SCV  
  108  15:12  Marauder, Marine  
  116  15:15  Medivac, Marauder  
  116  15:16  Marine x2  
  116  15:18  Siege Tank  
  116  15:19  SCV x2  
  128  15:24  Marine x2  
  128  15:25  Marauder x2  
  128  15:26  Marine x3  
Show
View Real Time Build Order
Export as new Build Order

Serral Zerg - Winner!

Build Orders: Hatch First 

Get SALT Encoding   

  12  0:00  Drone  
  13  0:12  Overlord  
  13  0:17  Drone  
  14  0:31  Drone x2  
  16  0:47  Hatchery  
  15  0:51  Drone  
  15  0:55  Drone  
  17  0:58  Drone  
  18  1:10  Extractor  
  17  1:13  Spawning Pool  
  17  1:16  Drone  
  17  1:18  Drone  
  18  1:27  Drone  
  19  1:38  Drone  
  20  1:49  Drone  
  21  1:59  Queen x2  
  21  2:01  Zergling x4  
  27  2:09  Metabolic Boost  
  27  2:12  Drone, Overlord  
  28  2:26  Spore Crawler  
  27  2:32  Hatchery  
  27  2:34  Drone  
  27  2:35  Drone  
  27  2:36  Drone  
  30  2:38  Drone  
  31  2:45  Queen  
  31  2:50  Overlord  
  33  2:53  Drone  
  33  2:56  Drone  
  33  2:57  Drone  
  36  3:04  Overlord  
  36  3:08  Drone x3  
  36  3:10  Drone  
  40  3:15  Queen  
  40  3:19  Drone x2  
  44  3:24  Queen  
  44  3:26  Drone  
  47  3:30  Overlord  
  47  3:36  Drone  
  47  3:37  Zergling x2  
  47  3:39  Drone x3  
  52  3:44  Queen  
  52  3:46  Drone  
  52  3:48  Overlord  
  55  3:52  Queen  
  57  3:56  Overlord  
  57  3:58  Drone  
  57  3:59  Drone  
  57  4:00  Drone  
  60  4:06  Overlord  
  60  4:07  Zergling x2  
  60  4:08  Drone x2  
  63  4:14  Drone x2  
  65  4:17  Drone  
  65  4:18  Drone x2  
  65  4:19  Queen  
  70  4:26  Zergling x4  
  70  4:28  Drone x2, Queen  
  76  4:32  Lair  
  76  4:35  Drone x2  
  78  4:41  Zergling x2  
  78  4:44  Extractor, Drone  
  79  4:47  Drone x2, Baneling Nest  
  79  4:51  Spore Crawler  
  79  4:52  Spore Crawler  
  78  4:53  Spore Crawler  
  78  4:55  Zergling x2  
  78  4:56  Drone x4  
  82  5:00  Overlord  
  82  5:05  Hatchery  
  81  5:08  Zergling x2  
  81  5:09  Drone x4  
  81  5:12  Extractor  
  81  5:13  Zergling x4  
  87  5:15  Drone x2  
  87  5:16  Extractor  
  88  5:21  Drone x2  
  88  5:25  Overlord  
  90  5:30  Centrifugal Hooks  
  90  5:32  Overseer  
  90  5:33  Evolution Chamber x2  
  88  5:35  Drone  
  88  5:36  Drone x7  
  88  5:39  Overlord  
  88  5:42  Drone x2  
  98  5:43  Overseer  
  98  5:47  Overlord  
  98  5:52  Drone x3  
  98  5:55  Drone  
  102  6:01  Zerg Melee Weapons Level 1, Drone x4  
  106  6:05  Drone  
  107  6:13  Zergling x14, Hatchery  
  107  6:17  Zerg Ground Armor Level 1  
  113  6:21  Queen  
  113  6:22  Drone  
  116  6:26  Overlord  
  116  6:27  Zergling x6  
  116  6:29  Pneumatized Carapace  
  116  6:31  Burrow  
  119  6:32  Spore Crawler  
  119  6:33  Drone, Hatchery  
  119  6:35  Zergling x4  
  119  6:38  Overlord x2  
  120  6:40  Zergling x2  
  120  6:41  Zergling x2  
  120  6:43  Overseer  
  122  6:50  Zergling x12  
  128  7:00  Zergling x20  
  138  7:01  Baneling  
  138  7:02  Baneling x13  
  138  7:08  Overlord  
  138  7:09  Zergling x2  
  138  7:10  Zergling x4  
  138  7:15  Zergling x4  
  141  7:23  Zergling x6  
  141  7:25  Spore Crawler  
  141  7:28  Zergling x24  
  151  7:36  Zergling x2  
  151  7:37  Zergling x8  
  153  7:44  Zergling x6  
  153  7:48  Zergling x6  
  143  7:54  Extractor  
  143  7:55  Infestation Pit, Drone x3, Extractor  
  143  7:56  Drone x3  
  146  7:58  Drone x2  
  146  7:59  Drone, Zerg Melee Weapons Level 2  
  146  8:00  Baneling x7  
  146  8:01  Zergling x12  
  155  8:09  Drone x3  
  155  8:10  Zergling x6  
  160  8:13  Baneling  
  160  8:14  Baneling x8  
  160  8:18  Overlord x2  
  160  8:23  Overlord  
  160  8:24  Zergling x2  
  160  8:25  Zergling x16  
  169  8:32  Zergling x4  
  169  8:33  Overlord x5  
  169  8:34  Overlord  
  171  8:35  Zerg Ground Armor Level 2  
  171  8:37  Hive  
  171  8:41  Zergling x16  
  171  8:45  Zergling x2  
  174  8:49  Overseer  
  174  8:51  Zergling x22  
  185  9:00  Drone x3  
  185  9:02  Zergling x18  
  197  9:05  Overlord  
  197  9:07  Baneling  
  197  9:08  Zergling x4, Baneling x7  
  198  9:13  Baneling x4  
  196  9:19  Zergling x16  
  187  9:34  Spore Crawler  
  187  9:35  Hatchery  
  187  9:36  Zergling x22  
  187  9:37  Zergling x8  
  200  9:41  Baneling  
  200  9:42  Baneling x7  
  174  10:00  Zergling x2  
  174  10:01  Zergling x30  
  174  10:03  Adrenal Glands  
  186  10:08  Viper x2  
  186  10:09  Viper  
  186  10:13  Ultralisk Cavern  
  186  10:14  Baneling x5  
  190  10:16  Zergling x20  
  200  10:26  Zerg Melee Weapons Level 3  
  198  10:58  Zerg Ground Armor Level 3  
  198  11:00  Zergling x2  
  198  11:02  Baneling x9  
  199  11:08  Extractor  
  198  11:11  Chitinous Plating  
  198  11:13  Drone  
  192  11:20  Zergling x22  
  192  11:24  Hatchery  
  198  11:32  Drone  
  198  11:52  Zergling x38  
  179  11:59  Zergling x2  
  179  12:00  Zergling x28  
  177  12:01  Ultralisk  
  177  12:02  Ultralisk x2  
  177  12:04  Spore Crawler  
  177  12:05  Ultralisk  
  177  12:06  Baneling  
  177  12:07  Baneling x5  
  200  12:13  Overseer  
  200  12:29  Baneling  
  200  12:30  Overseer x2, Anabolic Synthesis  
  200  12:31  Baneling x2  
  200  12:32  Baneling x3  
  200  12:33  Hatchery  
  199  12:42  Baneling x8  
  195  12:52  Zergling x12  
  195  12:53  Zergling x8  
  193  13:08  Zergling x36  
  193  13:09  Zergling x12  
  186  13:14  Zergling x36  
  195  13:22  Zergling x20  
  186  13:27  Drone  
  186  13:28  Zergling x16, Ultralisk  
  186  13:30  Zergling x2  
  199  13:36  Zergling x2  
  199  13:40  Hatchery  
  183  13:45  Zergling x2, Ultralisk x3  
  183  13:46  Zergling x10  
  197  13:51  Zergling x10  
  199  13:57  Baneling  
  199  13:58  Baneling x28  
  199  14:04  Extractor  
  199  14:06  Drone x2  
  198  14:17  Drone x2  
  200  14:29  Baneling x7  
  199  14:35  Zergling x2  
  199  14:36  Zergling x54  
  193  14:38  Zergling x2  
  193  14:39  Zergling x12  
  193  14:42  Zergling x2  
  193  14:43  Zergling x20  
  193  14:44  Zergling x2  
  193  14:45  Zergling x4  
  200  14:50  Zergling x6  
  200  14:51  Zergling x2  
  199  14:57  Zergling x36  
  199  14:58  Zergling x2  
  191  15:10  Baneling  
  191  15:11  Baneling x29  
  191  15:12  Baneling x5  
  191  15:13  Baneling x6  
  190  15:14  Zergling x2, Baneling x14  
  190  15:15  Zergling x14  
  197  15:22  Drone x3  
Tags
 
Add a new tag
Caveats
  • Supply blocks, unpowered buildings, or Contaminate may cause inaccurate times.
  • Supply counts are checked every 10 seconds.